 Dungeon Crawl Stone Soup version 0.18-b1-22-ge198996 (webtiles) character file.

9843 MTVSty1e the Fighter (level 11, -4/99 HPs)
             Began as a Hill Orc Fighter on May 3, 2016.
             Was an Elder of Okawaru.
             Slain by a hill giant
             ... wielding a +0 giant spiked club
             ... summoned by an orange crystal statue
              (9 damage)
             ... while paralysed
             ... on level 11 of the Dungeon on May 4, 2016.
             The game lasted 00:59:16 (13284 turns).

MTVSty1e the Fighter (Hill Orc Fighter)            Turns: 13284, Time: 00:59:17

Health: -4/99      AC: 20    Str: 30 (33) XL:     11   Next: 52%
Magic:  6/14       EV:  2    Int: -1 (8)  God:    Okawaru [****..]
Gold:   737        SH:  0    Dex: 15 (17) Spells: 0 memorised, 10 levels left

rFire  x . .     SeeInvis .     T - +4 war axe (flame)
rCold  . . .     Gourm    +     l - +1 plate armour
rNeg   + + .     Faith    .     c - +0 shield
rPois  +         Spirit   .     I - +0 helmet
rElec  +         Dismiss  .     x - +0 cloak {+Inv}
rCorr  .         Reflect  .     p - +0 pair of gloves
SustAt .         Harm     .     P - +0 pair of boots (curse)
MR     .....                    O - amulet "Ixteinni" {Gourm rElec rPois rF- rN++}
Stlth  ..........               Y - ring of the Clam {+Fly Dex+7}
                                N - +5 ring of strength

@: paralysed, mighty, very slightly contaminated, slowed, lost intelligence,
invisible (expiring), not resistant to hostile enchantments, extremely
unstealthy
A: no striking features
a: Heroism, Renounce Religion, Evoke Flight


You were on level 11 of the Dungeon.
You worshipped Okawaru.
Okawaru was greatly pleased with you.
You were not hungry.

You visited 1 branch of the dungeon, and saw 11 of its levels.

You collected 898 gold pieces.
You spent 161 gold pieces at shops.

Inventory:

Hand Weapons
 m - a +3 trident
 R - a +4 mace of holy wrath
 T - a +4 war axe of flaming (weapon)
Armour
 c - a +0 shield (worn)
 l - a +1 plate armour (worn)
 p - a +0 pair of gloves (worn)
 x - a +0 cloak of invisibility (worn)
 I - a +0 helmet (worn)
 P - a cursed +0 pair of boots (worn)
Jewellery
 e - a +2 ring of protection {unknown}
 t - an uncursed ring of poison resistance
 w - an uncursed ring of protection from cold
 H - an uncursed ring of sustain attributes
 N - a +5 ring of strength (left hand)
 O - the amulet "Ixteinni" (around neck) {Gourm rElec rPois rF- rN++}
   (You found it on level 7 of the Dungeon)

   [amulet of the gourmand]

   It allows you to eat raw meat even when not hungry.
   It makes you vulnerable to fire.
   It insulates you from electricity.
   It protects you from poison.
   It greatly protects you from negative energy.
 Y - the ring of the Clam (right hand) {+Fly Dex+7}
   (You found it on level 8 of the Dungeon)

   [ring of flight]

   It affects your dexterity (+7).
   It lets you fly.
 Z - an uncursed ring of fire {unknown}
Wands
 b - a wand of slowing (15/48)
 k - a wand of iceblast (0/15)
 o - a wand of iceblast (2/15)
 r - a wand of random effects (8/48)
 z - a wand of flame (10/48)
 C - a wand of polymorph (6/24)
 F - a wand of flame (0/48)
 K - a wand of flame (6/48)
 X - a wand of digging (12/24)
Scrolls
 f - 6 scrolls of recharging
 h - 7 scrolls of teleportation
 y - 3 scrolls of magic mapping
 Q - a scroll of remove curse
Potions
 j - a potion of flight
 n - 2 potions of cure mutation
 q - 2 potions of curing
 s - a potion of haste {unknown}
 B - a potion of berserk rage {unknown}
 D - 2 potions of lignification
 L - a potion of cancellation {unknown}
 W - a potion of mutation {unknown}
Books
 u - a book of Clouds

   Spells                             Type                      Level
   a - Mephitic Cloud                 Conjuration/Poison/Air       3
   b - Conjure Flame                  Conjuration/Fire             3
   c - Poisonous Cloud                Conjuration/Poison/Air       6
   d - Freezing Cloud                 Conjuration/Ice/Air          6
   e - Ring of Flames                 Charms/Fire                  7
Miscellaneous
 a - a phial of floods
 S - a box of beasts
Comestibles
 i - 2 meat rations
 A - a bread ration
 V - 14 fruits


   Skills:
 * Level 10.1 Fighting
 * Level 9.3(10.4) Axes
 - Level 6.1(8.0) Polearms
 * Level 8.9 Armour
 * Level 5.4 Dodging
 + Level 8.4 Shields
 - Level 5.0 Evocations


You had 10 spell levels left.
You didn't know any spells.

Dungeon Overview and Level Annotations

Branches:
Dungeon (11/15)            Temple (0/1) D:5            Lair (0/8) D:9
    Orc: D:9-12

Altars:
Ashenzari
Cheibriados
Elyvilon
Fedhas
Gozag
Kikubaaqudgha
Makhleb
Nemelex Xobeh
Okawaru
Pakellas
Qazlal
Ru
Sif Muna
Trog
Vehumet
Yredelemnul
Zin

Shops:
D:4 [*

Annotations:
D:11 exclusion: orange crystal statue


Message History

You flicker for a moment.
You block the manticore's attack. x2; The manticore misses you.
The hill giant hits you with a giant spiked club.
* * * LOW HITPOINT WARNING * * *
You hit the manticore. You burn the manticore.
The manticore is heavily wounded.
You block the manticore's attack. The manticore completely misses you.
You block the manticore's attack.
Your shield prevents you from hitting the manticore.
The manticore is heavily wounded.
The manticore bites you.
* * * LOW HITPOINT WARNING * * *
You block the manticore's attack. x2
Drink which item? (? for menu, Esc to quit)
It was a potion of degeneration.
There was something very wrong with that liquid.
You feel weakened.
You feel dopey.
You have lost your intelligence.
You feel clumsy.
The hill giant hits you with a giant spiked club!
You die...

####+##### #### .........#
####...# .........#
##...$}[. .........#
#####...?###$ .........#
#####...C*..=#8#l
.........###.....#####.|###$
.........#H@.##### ##.$|!.
.......)÷'C### #....
..........##### ####
..............##
#####..♣..≈≈...##
...P.≈≈≈♣≈♣...# ..
......≈≈≈≈≈≈≈..♣#
..+####...P♣♣≈≈≈≈P.P#
.........P...≈♣≈≈...♣#


You could see a hill giant and a manticore.

Vanquished Creatures
  Erolcha (D:8)
  An unseen horror (D:11)
  A hill giant (D:11)
  An ice statue (D:7)
  3 polar bears (D:9)
  2 two-headed ogres (D:11)
  A troll (D:11)
  Prince Ribbit (D:6)
  Sigmund (D:2)
  2 yaks (D:9)
  2 wyverns (D:9)
  Eustachio (D:6)
  2 hippogriffs
  Edmund (D:6)
  4 ice beasts
  3 orc warriors
  3 black bears (D:7)
  A phantom (D:4)
  2 necrophages
  A wolf (D:9)
  5 ogres
  2 centaurs
  5 giant frogs
  3 scorpions
  8 killer bees
  10 wights
  4 howler monkeys
  2 electric eels (D:9)
  9 crimson imps
  A giant frog zombie (D:5)
  3 orc priests
  3 jellies
  2 quasits
  Crazy Yiuf (D:6)
  6 hounds
  3 centaur skeletons
  Ijyb (D:2)
  3 iguanas
  7 orc wizards
  12 worker ants
  A giant frog simulacrum (D:9)
  A killer bee simulacrum (D:9)
  7 gnolls
  11 adders
  A shadow imp (D:9)
  A white imp (D:9)
  3 ufetubi (D:9)
  An adder zombie (D:7)
  2 adder skeletons (D:6)
  2 worms
  2 dart slugs (D:1)
  3 giant geckos
  46 orcs
  3 giant cockroaches
  9 hobgoblins
  21 jackals
  4 quokkas
  8 bats
  A giant gecko skeleton (D:7)
  6 giant newts
  13 goblins
  A jackal skeleton (D:4)
  A jackal zombie (D:5)
  10 kobolds
  A quokka zombie (D:9)
  6 rats
289 creatures vanquished.

Notes
Turn   | Place    | Note
--------------------------------------------------------------
     0 | D:1      | MTVSty1e the Hill Orc Fighter began the quest for the Orb.
     0 | D:1      | Reached XP level 1. HP: 19/19 MP: 1/1
   149 | D:1      | Reached XP level 2. HP: 27/27 MP: 2/2
   566 | D:1      | Found a shattered altar of Ashenzari.
   713 | D:1      | Reached skill level 4 in Fighting
   713 | D:1      | Reached XP level 3. HP: 31/33 MP: 3/3
   975 | D:2      | Found an ancient bone altar of Kikubaaqudgha.
  1040 | D:2      | Noticed Ijyb
  1052 | D:2      | Killed Ijyb
  1052 | D:2      | Reached skill level 1 in Dodging
  1052 | D:2      | Reached XP level 4. HP: 40/40 MP: 4/4
  1455 | D:2      | Noticed Sigmund
  1472 | D:2      | Killed Sigmund
  1472 | D:2      | Reached XP level 5. HP: 42/46 MP: 5/5
  1472 | D:2      | Reached XP level 6. HP: 48/52 MP: 6/6
  2632 | D:3      | Reached skill level 5 in Axes
  2658 | D:3      | Reached skill level 1 in Evocations
  3131 | D:3      | Found a burning altar of Makhleb.
  3747 | D:4      | Found an opulent altar of Gozag.
  3800 | D:4      | Reached XP level 7. HP: 45/60 MP: 8/8
  3912 | D:4      | Found an iron altar of Okawaru.
  3929 | D:4      | Became a worshipper of Warmaster Okawaru
  3965 | D:4      | Found Otomm's Armour Shoppe.
  4021 | D:4      | Found a deep blue altar of Sif Muna.
  4266 | D:4      | Bought a +0 cloak of invisibility for 161 gold pieces
  4312 | D:4      | Found Gozag's Platinum Reserve.
  4370 | D:4      | Reached skill level 5 in Fighting
  4370 | D:4      | Reached skill level 1 in Polearms
  4388 | D:4      | Reached skill level 5 in Armour
  4388 | D:4      | Reached skill level 5 in Shields
  4743 | D:5      | Entered Level 5 of the Dungeon
  4910 | D:5      | Found an oddly glowing altar of Pakellas.
  4920 | D:5      | Reached XP level 8. HP: 51/69 MP: 9/9
  5122 | D:5      | Found a staircase to the Ecumenical Temple.
  5273 | D:5      | Reached * piety under Okawaru
  5488 | D:6      | Noticed Eustachio
  5519 | D:6      | Killed Eustachio
  5574 | D:6      | Found a sacrificial altar of Ru.
  5642 | D:6      | Noticed Prince Ribbit
  5678 | D:6      | Killed Prince Ribbit
  5678 | D:6      | Reached skill level 6 in Fighting
  6008 | D:6      | Noticed Edmund
  6034 | D:6      | Killed Edmund
  6034 | D:6      | Reached XP level 9. HP: 73/78 MP: 11/11
  6246 | D:6      | Noticed Crazy Yiuf
  6256 | D:6      | Killed Crazy Yiuf
  6256 | D:6      | Reached ** piety under Okawaru
  6426 | D:6      | Found a glowing silver altar of Zin.
  6429 | D:6      | Found a blossoming altar of Fedhas.
  6432 | D:6      | Found a bloodstained altar of Trog.
  6683 | D:7      | Reached skill level 5 in Polearms
  6696 | D:7      | Reached skill level 7 in Fighting
  7693 | D:7      | Found a radiant altar of Vehumet.
  7778 | D:7      | Noticed an ice statue
  9396 | D:7      | Found a stormy altar of Qazlal.
  9469 | D:7      | Killed an ice statue
  9469 | D:7      | Reached XP level 10. HP: 17/88 MP: 10/13
  9801 | D:7      | Got an ancient diamond amulet
  9893 | D:8      | Found a white marble altar of Elyvilon.
  9986 | D:8      | Identified the amulet "Ixteinni" {Gourm rElec rPois rF- rN++} (You found it on level 7 of the Dungeon)
 10159 | D:8      | Found a snail-covered altar of Cheibriados.
 10283 | D:8      | Reached skill level 8 in Fighting
 10528 | D:8      | Found a blossoming altar of Fedhas.
 10608 | D:8      | Reached skill level 5 in Evocations
 10785 | D:8      | Found a sparkling altar of Nemelex Xobeh.
 10786 | D:8      | Noticed a cyclops
 10831 | D:8      | Noticed Erolcha
 10848 | D:8      | Killed Erolcha
 10848 | D:8      | Reached *** piety under Okawaru
 11186 | D:8      | Got a glittering wooden ring
 11193 | D:8      | Identified the ring of the Clam {+Fly Dex+7} (You found it on level 8 of the Dungeon)
 11460 | D:9      | Reached skill level 9 in Fighting
 11524 | D:9      | Reached **** piety under Okawaru
 11524 | D:9      | Reached XP level 11. HP: 70/97 MP: 12/14
 11649 | D:9      | Reached skill level 5 in Dodging
 11874 | D:9      | Found a staircase to the Lair.
 12064 | D:9      | Found a basalt altar of Yredelemnul.
 12199 | D:9      | You fall through a shaft for 2 floors!
 12204 | D:11     | Noticed a hill giant
 12212 | D:11     | Killed a hill giant
 12267 | D:11     | Killed an unseen horror
 12267 | D:11     | Reached ***** piety under Okawaru
 12320 | D:11     | Reached skill level 10 in Fighting
 12500 | D:10     | Entered Level 10 of the Dungeon
 12907 | D:11     | Noticed an orange crystal statue
 13241 | D:11     | Noticed a manticore
 13242 | D:11     | Noticed a deep elf mage
 13242 | D:11     | Noticed a hill giant
 13283 | D:11     | HP: 4/99 [manticore[an orange crystal statue] (5)]
 13284 | D:11     | Lost intelligence.
 13284 | D:11     | Slain by a hill giant

Skill      XL: |  1  2  3  4  5  6  7  8  9 10 11 |
---------------+----------------------------------+-----
Axes           | 3 4 5 7 9 |  9.3
Fighting       | 4 5 6 7 9 10 | 10.1
Dodging        | 1 2 3 4 5 |  5.4
Armour         | 4 5 6 8 |  8.9
Shields        | 4 5 7 8 |  8.4
Evocations     | 1 2 3 4 5 |  5.0
Polearms       | 2 4 6 |  6.1

Action                   |  1- 3 |  4- 6 |  7- 9 | 10-12 || total
-------------------------+-------+-------+-------+-------++-------
Melee: War axe           |   125 |   202 |       |   328 ||   655
       Spear             |       |    66 |   803 |    41 ||   910
Invok: Heroism           |       |       |    14 |    10 ||    24
 Abil: Evoke Flight      |       |       |     3 |     2 ||     5
       Evoke Invisibilit |       |       |       |     1 ||     1
Evoke: Wand              |       |     5 |    28 |     8 ||    41
  Use: Scroll            |       |     9 |     7 |    11 ||    27
       Potion            |       |     1 |     5 |     3 ||     9
 Stab: Invisible         |       |       |     2 |       ||     2
       Confused          |       |       |       |     1 ||     1
  Eat: Bread ration      |     1 |     2 |     1 |     1 ||     5
       Meat ration       |       |       |     3 |     1 ||     4
       Royal jelly       |       |       |       |     1 ||     1
       Fruit             |       |       |       |     1 ||     1
       Pizza             |       |       |       |     1 ||     1
Armor: Scale mail        |    93 |     2 |       |       ||    95
       Plate armour      |       |   178 |   329 |   273 ||   780
Dodge: Dodged            |    56 |    42 |   129 |   143 ||   370
Block: Shield            |    95 |   131 |   334 |   255 ||   815
